 Dungeon Crawl Stone Soup version 0.21.1-1-g345015f (webtiles) character file.

1999 inc the Thaumaturge (level 9, -1/65 HPs)
             Began as a Gnoll Wizard on June 9, 2018.
             Was a Believer of Ashenzari.
             Slain by a hog (10 damage)
             ... on level 7 of the Dungeon.
             The game lasted 00:10:52 (5461 turns).

inc the Thaumaturge (Gnoll Wizard)                  Turns: 5461, Time: 00:10:53

Health: -1/65      AC:  7    Str: 12    XL:     9   Next: 21%
Magic:  11/21      EV: 15    Int: 20    God:    Ashenzari [**....]
Gold:   307        SH:  0    Dex: 15    Spells: 12/24 levels left

rFire    . . .     SeeInvis .   B - +3 dagger (venom)
rCold    . . .     Gourm    .   (no shield)
rNeg     . . .     Faith    .   u - +0 troll leather armour {Purgy}
rPois    .         Spirit   .   b - +0 hat
rElec    .         Reflect  .   v - +0 cloak (curse)
rCorr    .         Harm     .   k - +0 pair of gloves (curse)
MR       .....                  (no boots)
Stlth    ++++......             (no amulet)
HPRegen  0.60/turn              i - ring of stealth
MPRegen  0.17/turn              (no ring)

@: no status effects
A: distributed training, fangs 1, strong nose
a: Curse Item, Scrying, Renounce Religion


You were on level 7 of the Dungeon.
You worshipped Ashenzari.
Ashenzari was pleased with you.
You were not hungry.

You visited 1 branch of the dungeon, and saw 7 of its levels.
You also visited: Sewer.

You collected 307 gold pieces.

Inventory:

Hand Weapons
 B - a +3 dagger of venom (weapon)
Armour
 a - a +0 robe
 b - a +0 hat (worn)
 k - a cursed +0 pair of gloves (worn)
 u - a +0 troll leather armour (worn) {Purgy}
 v - a cursed +0 cloak (worn)
Jewellery
 i - a ring of stealth (left hand)
 q - an uncursed ring of stealth
Wands
 z - a wand of polymorph (14)
Scrolls
 f - 4 scrolls of blinking {unknown}
 h - a scroll of enchant weapon {unknown}
 l - 2 scrolls of fear {unknown}
 m - a scroll of immolation {unknown}
 n - 4 scrolls of identify {unknown}
 p - a scroll of noise {unknown}
 r - 5 scrolls of teleportation {unknown}
 y - a scroll of torment {unknown}
 A - a scroll of random uselessness {unknown}
Potions
 g - a potion of flight {unknown}
 o - a potion of agility {unknown}
 s - 2 potions of haste {unknown}
 t - 2 potions of curing {unknown}
 x - a potion of degeneration {unknown}
Books
 c - a book of Minor Magic

   Spells                             Type                      Level
   a - Magic Dart                     Conjuration                  1
   b - Blink                          Translocation                2
   c - Call Imp                       Summoning                    2
   d - Slow                           Hexes                        2
   e - Conjure Flame                  Conjuration/Fire             3
   f - Mephitic Cloud                 Conjuration/Poison/Air       3
 w - a book of Flames

   Spells                             Type                      Level
   a - Flame Tongue                   Conjuration/Fire             1
   b - Throw Flame                    Conjuration/Fire             2
   c - Conjure Flame                  Conjuration/Fire             3
   d - Inner Flame                    Hexes/Fire                   3
   e - Sticky Flame                   Conjuration/Fire             4
   f - Fireball                       Conjuration/Fire             5
Comestibles
 d - 9 rations


   Skills:
 + Level 3.9 Fighting
 + Level 3.9 Short Blades
 + Level 3.9 Long Blades
 + Level 3.9 Axes
 + Level 3.9 Maces & Flails
 + Level 3.9 Polearms
 + Level 3.9 Staves
 + Level 3.9 Slings
 + Level 3.9 Bows
 + Level 3.9 Crossbows
 + Level 3.9 Throwing
 + Level 3.9 Armour
 + Level 6.1 Dodging
 + Level 5.8 Stealth
 + Level 3.9 Shields
 + Level 3.9 Unarmed Combat
 + Level 8.2 Spellcasting
 + Level 3.9 Conjurations
 + Level 3.2 Hexes
 + Level 3.2 Charms
 + Level 3.9 Summonings
 + Level 3.2 Necromancy
 + Level 3.9 Translocations
 + Level 3.2 Transmutations
 + Level 3.2 Fire Magic
 + Level 3.2 Ice Magic
 + Level 3.2 Air Magic
 + Level 3.2 Earth Magic
 + Level 3.2 Poison Magic
 + Level 4.3 Invocations
 + Level 3.9 Evocations


You had 12 spell levels left.
You knew the following spells:

 Your Spells              Type           Power        Failure   Level  Hunger
a - Magic Dart            Conj           ###.         1%          1    None
b - Call Imp              Summ           ###.....     3%          2    None
c - Mephitic Cloud        Conj/Pois/Air  ###.....     8%          3    None
d - Sticky Flame          Conj/Fire      ###.....     24%         4    ###....
e - Blink                 Tloc           N/A          3%          2    None


Dungeon Overview and Level Annotations

Branches:
Dungeon (7/15)             Temple (0/1) D:4

Altars:
Ashenzari
Qazlal

Annotations:
D:7 Prince Ribbit


Innate Abilities, Weirdness & Mutations

Your experience applies equally to all skills.
You have very sharp teeth.
Your uncanny sense of smell can sniff out nearby items.


Message History

Press: ? - help, Shift-Dir - straight line The ball explodes into a vile cloud!
The stinking cloud engulfs the hog.
The hog is almost dead.
The stinking cloud engulfs the hog.
The hog is engulfed in noxious fumes.
The hog appears confused.
Unknown command.
You hit the hog.
The hog is lightly wounded.
You kill the hog!
The hog is engulfed in noxious fumes.
The hog bites you but does no damage.
Unknown command.
You hit the hog.
The hog is poisoned.
The hog is moderately wounded.
The hog is engulfed in noxious fumes.
The hog bites you!
* * * LOW HITPOINT WARNING * * *
Unknown command.
The hog is engulfed in noxious fumes.
Prince Ribbit is engulfed in noxious fumes.
Prince Ribbit appears confused.
The hog bites you!
You die...

,,,.. #..#............#..##### ,
#.##..##.#####...#....# ..
#..#.........#....<...#
,....##.#.###.###.#....)...#
..........##.#######......# .
########...##.#..#%%#......#...,,
#..........##.#..#§§#..........,
#.######...##.#..h§.#....#.#...
#.##<.÷....##.#.@#F.#....#.#...
#..........##.#..#..#....#.# .. ,
.........>....#####.#....#
.........###### #........# *, ,
.#.......# ######...#.##.#,*
.#.......# #...F..)......#,
.#.......# #..........#### *
.#.......# #.......§..# ,
.#.......# #.....†....# *


You could see Prince Ribbit (confused) and a hog.

Vanquished Creatures
  A hippogriff (D:6)
  3 hogs (D:7)
  A human (D:7)
  Purgy (Sewer)
  3 ogres
  2 centaurs (D:5)
  A bullfrog (D:6)
  2 gnoll sergeants
  2 electric eels (D:6)
  A crimson imp (D:6)
  2 howler monkeys
  A bullfrog skeleton (D:3)
  An orc priest (D:7)
  3 hounds
  An orc wizard (D:7)
  An iguana (D:5)
  A worker ant (D:6)
  A howler monkey zombie (D:6)
  7 gnolls
  6 adders
  A river rat (D:4)
  An adder skeleton (D:2)
  2 worms
  A dart slug (D:1)
  3 leopard geckos
  7 orcs
  2 ball pythons
  4 bats
  5 giant cockroaches
  5 goblins
  8 hobgoblins
  10 jackals
  10 frilled lizards
  6 kobolds
  A leopard gecko skeleton (D:4)
  10 rats
117 creatures vanquished.

Notes
Turn   | Place    | Note
-------+----------+-------------------------------------------
     0 | D:1      | inc the Gnoll Wizard began the quest for the Orb.
     0 | D:1      | Reached XP level 1. HP: 13/13 MP: 8/8
    92 | D:1      | Reached XP level 2. HP: 12/19 MP: 3/10
   410 | D:1      | Found a shattered altar of Ashenzari.
   417 | D:1      | Became a worshipper of Ashenzari the Shackled
  1034 | D:1      | Reached XP level 3. HP: 20/25 MP: 11/11
  1307 | D:2      | Reached skill level 1 in Invocations
  1521 | D:2      | Reached skill level 1 in Fighting
  1521 | D:2      | Reached skill level 1 in Short Blades
  1521 | D:2      | Reached skill level 1 in Long Blades
  1521 | D:2      | Reached skill level 1 in Axes
  1521 | D:2      | Reached skill level 1 in Maces & Flails
  1521 | D:2      | Reached skill level 1 in Polearms
  1521 | D:2      | Reached skill level 1 in Staves
  1521 | D:2      | Reached skill level 1 in Slings
  1521 | D:2      | Reached skill level 1 in Bows
  1521 | D:2      | Reached skill level 1 in Crossbows
  1521 | D:2      | Reached skill level 1 in Throwing
  1521 | D:2      | Reached skill level 1 in Armour
  1521 | D:2      | Reached skill level 1 in Shields
  1521 | D:2      | Reached skill level 1 in Unarmed Combat
  1521 | D:2      | Reached skill level 1 in Evocations
  1692 | D:2      | Reached XP level 4. HP: 32/32 MP: 13/13
  2091 | D:3      | Reached skill level 1 in Hexes
  2091 | D:3      | Reached skill level 1 in Charms
  2091 | D:3      | Reached skill level 1 in Necromancy
  2091 | D:3      | Reached skill level 1 in Transmutations
  2091 | D:3      | Reached skill level 1 in Fire Magic
  2091 | D:3      | Reached skill level 1 in Ice Magic
  2091 | D:3      | Reached skill level 1 in Air Magic
  2091 | D:3      | Reached skill level 1 in Earth Magic
  2091 | D:3      | Reached skill level 1 in Poison Magic
  2352 | D:3      | Reached XP level 5. HP: 35/37 MP: 11/14
  2665 | D:4      | Reached * piety under Ashenzari
  2707 | D:4      | Noticed an ogre
  2723 | D:4      | Killed an ogre
  2844 | D:4      | Found a staircase to the Ecumenical Temple.
  3041 | D:4      | Reached XP level 6. HP: 36/44 MP: 10/16
  3148 | D:4      | Found a glowing drain.
  3156 | Sewer    | Entered a sewer
  3247 | Sewer    | Noticed Purgy
  3260 | Sewer    | Killed Purgy
  3260 | Sewer    | Reached skill level 5 in Dodging
  3723 | D:5      | Entered Level 5 of the Dungeon
  3729 | D:5      | Reached XP level 7. HP: 50/50 MP: 18/18
  3756 | D:5      | Learned a level 2 spell: Call Imp
  3760 | D:5      | Learned a level 3 spell: Mephitic Cloud
  3776 | D:5      | Learned a level 4 spell: Sticky Flame
  3779 | D:5      | Learned a level 2 spell: Blink
  3981 | D:6      | Found a stormy altar of Qazlal.
  3996 | D:6      | Reached skill level 5 in Stealth
  4015 | D:6      | Noticed a hippogriff
  4030 | D:6      | Killed a hippogriff
  4030 | D:6      | Reached XP level 8. HP: 36/57 MP: 15/19
  5075 | D:6      | Reached skill level 8 in Spellcasting
  5155 | D:7      | Reached ** piety under Ashenzari
  5434 | D:7      | Reached XP level 9. HP: 65/65 MP: 11/21
  5449 | D:7      | Noticed Prince Ribbit
  5461 | D:7      | Slain by a hog

Skill      XL: |  1  2  3  4  5  6  7  8 |
---------------+-------------------------+-----
Conjurations   | 2 3 |  3.9
Summonings     | 2 3 |  3.9
Translocations | 2 3 |  3.9
Invocations    | 1 2 3 4 |  4.3
Fighting       | 1 2 3 |  3.9
Short Blades   | 1 2 3 |  3.9
Long Blades    | 1 2 3 |  3.9
Axes           | 1 2 3 |  3.9
Maces & Flails | 1 2 3 |  3.9
Polearms       | 1 2 3 |  3.9
Staves         | 1 2 3 |  3.9
Slings         | 1 2 3 |  3.9
Bows           | 1 2 3 |  3.9
Crossbows      | 1 2 3 |  3.9
Throwing       | 1 2 3 |  3.9
Armour         | 1 2 3 |  3.9
Shields        | 1 2 3 |  3.9
Unarmed Combat | 1 2 3 |  3.9
Evocations     | 1 2 3 |  3.9
Hexes          | 1 2 3 |  3.2
Charms         | 1 2 3 |  3.2
Necromancy     | 1 2 3 |  3.2
Transmutations | 1 2 3 |  3.2
Fire Magic     | 1 2 3 |  3.2
Ice Magic      | 1 2 3 |  3.2
Air Magic      | 1 2 3 |  3.2
Earth Magic    | 1 2 3 |  3.2
Poison Magic   | 1 2 3 |  3.2
Dodging        | 5 6 |  6.1
Stealth        | 5 |  5.8
Spellcasting   | 8 |  8.2

Action                   |  1- 3 |  4- 6 |  7- 9 || total
-------------------------+-------+-------+-------++-------
Melee: Hand axe          |    32 |       |       ||    32
       Unarmed           |     1 |       |       ||     1
       Dagger            |    75 |    57 |    89 ||   221
       Bite              |     6 |     8 |    13 ||    27
       Punch             |       |       |     1 ||     1
 Cast: Magic Dart        |    22 |    58 |   107 ||   187
       Mephitic Cloud    |       |       |    10 ||    10
       Blink             |       |       |     4 ||     4
       Call Imp          |       |       |     1 ||     1
Invok: Curse Item        |       |     1 |     1 ||     2
 Stab: Sleeping          |    10 |    11 |     3 ||    24
       Confused          |       |       |     4 ||     4
  Eat: Chunk             |     2 |     7 |     5 ||    14
Armor: Robe              |    24 |     7 |       ||    31
       Troll leather arm |       |       |    20 ||    20
Dodge: Dodged            |    84 |    39 |    79 ||   202
